[Event "December 5 Late 2023"]
[Site "https://www.chess.com"]
[Date "2023.12.05"]
[Round "11"]
[White "Cornelison, Paul"]
[Black "Seletsky, Grigory"]
[Result "0-1"]
[Board "104"]
[TimeControl "180+1"]
[WhiteFideId "2004186"]
[BlackFideId "14112191"]
[WhiteElo "1903"]
[BlackElo "2483"]
[WhiteTeam "USA"]
[BlackTeam "UKR"]
[WhiteClock "0:00:00"]
[BlackClock "0:00:09"]

1. e4 e6 2. d4 d5 3. Nc3 Nc6 4. e5 Nge7 5. Qg4 Nf5 6. Nf3 h5 7. Qf4 g6 8. g4 Bh6 9. g5 Bf8 10. Bd3 Be7 11. h4 Nb4 12. Bxf5 exf5 13. Qd2 Be6 14. a3 Nc6 15. Qe2 O-O 16. Bf4 Na5 17. Nd2 b6 18. b4 Nc6 19. Nb3 a5 20. b5 a4 21. bxc6 axb3 22. a4 bxc2 23. Qxc2 Bb4 24. O-O Bxc3 25. Qxc3 Ra5 26. Bd2 Qa8 27. Qb3 Ra6 28. Rfc1 Rb8 29. Qb5 Kg7 30. Kg2 f4 31. Bb4 f3+ 32. Kxf3 Re8 33. Rc3 Qc8 34. Kg3 Bf5 35. Qe2 Qe6 36. f3 Rea8 37. Rca3 Qe8 38. Qb5 Be6 0-1

[Event "December 5 Late 2023"]
[Site "https://www.chess.com"]
[Date "2023.12.05"]
[Round "11"]
[White "Bazzano, Sebastian"]
[Black "Burke, Paul"]
[Result "1-0"]
[Board "105"]
[TimeControl "180+1"]
[WhiteFideId "104566"]
[BlackFideId "2605767"]
[WhiteElo "2222"]
[BlackElo "1811"]
[WhiteTeam "ARG"]
[BlackTeam "CAN"]
[WhiteClock "0:00:26"]
[BlackClock "0:00:00"]

1. d4 Nf6 2. Bf4 d6 3. Nc3 g6 4. e4 Bg7 5. Qd2 h6 6. h4 c6 7. O-O-O Nbd7 8. Nf3 Qa5 9. Kb1 b5 10. Bd3 b4 11. Ne2 Ng4 12. Rhf1 O-O 13. Nh2 Nxh2 14. Bxh2 e5 15. dxe5 Nxe5 16. Nc1 Be6 17. Be2 Nc4 18. Bxc4 Bxc4 19. Rfe1 d5 20. e5 Rad8 21. f4 c5 22. h5 Qb6 23. g4 a5 24. g5 a4 25. Rg1 b3 26. cxb3 axb3 27. a3 d4 28. f5 hxg5 29. Qxg5 Bd5 30. f6 1-0

[Event "December 5 Late 2023"]
[Site "https://www.chess.com"]
[Date "2023.12.05"]
[Round "11"]
[White "Vargas, Mauricio"]
[Black "Smirnov, Timofey"]
[Result "0-1"]
[Board "107"]
[TimeControl "180+1"]
[WhiteFideId "4404572"]
[BlackFideId "24176427"]
[WhiteElo "1822"]
[BlackElo "2018"]
[WhiteTeam "COL"]
[BlackTeam "RUS"]
[WhiteClock "0:00:00"]
[BlackClock "0:00:10"]

1. e4 e5 2. Nf3 Nf6 3. Nxe5 d6 4. Nf3 Nxe4 5. Nc3 Nxc3 6. dxc3 Be7 7. Be3 Nc6 8. Qd2 Be6 9. O-O-O Ne5 10. Nxe5 dxe5 11. Qe2 Qc8 12. Qe1 O-O 13. h4 Rd8 14. Bd3 Bf5 15. Kb1 Qe6 16. Qe2 a6 17. Bc4 Qf6 18. Bg5 Rxd1+ 19. Rxd1 Qg6 20. Bxe7 h6 21. g3 e4 22. Bc5 Bg4 23. Qd2 Bxd1 24. Qxd1 Qc6 25. Qd5 Qxd5 26. Bxd5 Rd8 27. c4 c6 28. Be7 Rd7 29. c3 cxd5 30. Bc5 dxc4 31. Bd4 f5 32. Kc2 Kf7 33. Kd2 g6 34. Ke3 Ke6 35. Kf4 b5 36. Ke3 g5 37. hxg5 hxg5 38. f3 exf3 39. Kxf3 g4+ 40. Kf4 Rh7 41. Kg5 Rh2 42. Kf4 Rxb2 43. a3 Ra2 44. Bc5 Rc2 45. Bb4 Rb2 46. Kg5 Rb3 47. Kf4 Rb2 48. Ke3 Rc2 49. Kf4 Re2 50. Kg5 Re4 51. Kh4 Re1 52. Kg5 Rf1 53. Kh4 Kd5 54. Kg5 Ke4 55. Kf6 f4 56. gxf4 Kxf4 57. Bd6+ Kf3 58. Kg5 g3 59. Kh4 g2 60. Bc5 g1=Q 61. Bxg1 Rxg1 62. a4 Rc1 0-1